 Dungeon Crawl Stone Soup version 0.31.0-32-g396128a36d (webtiles) character file.

Game seed: 6635645069004341200

10299 Logoto the Severer (level 11, -1/101 HPs)
             Began as a Hill Orc Berserker on Mar 28, 2024.
             Was an Elder of Trog.
             Succumbed to Erica's bolt of poison
             ... on level 1 of the Lair of Beasts.
             The game lasted 00:24:45 (10120 turns).

Logoto the Severer (Hill Orc Berserker)            Turns: 10120, Time: 00:24:46

Health: -1/101     AC: 18    Str: 34    XL:     11   Next: 59%
Magic:  11/11      EV: 11    Int: 12    God:    Trog [****..]
Gold:   337        SH:  4    Dex:  7    Spells: 10/10 levels left

rFire   . . .        m - +0 war axe
rCold   + . .        a - +0 buckler
rNeg    . . .        r - +4 scale mail of the Saviour {+Blink Int+2 Dex+2}
rPois   +            q - +0 helmet {SInv}
rElec   .            k - +0 cloak
rCorr   .            U - +0 pair of gloves
SInv    +            j - +0 pair of boots
Will    .....        (no amulet) Stlth
                     I - +6 ring of strength
HPRegen 0.36/turn    Q - ring of Zosiceh {rPois rC+ Str+3 Int+3 Dex-5}
MPRegen 0.12/turn

%: no passive effects
@: brilliant, lethally poisoned (-1 -> -10), on berserk cooldown, slowed,
invisible, very slow
A: no striking features
a: Renounce Religion, Evoke Blink, Berserk, Trog's Hand, Brothers in Arms


You were on level 1 of the Lair of Beasts.
You worshipped Trog.
Trog was greatly pleased with you.
You visited 2 branches of the dungeon, and saw 13 of its levels.
You also visited: Ossuary.

You collected 881 gold pieces.
You spent 544 gold pieces at shops.

Inventory:

Hand Weapons
 m - a +0 war axe (weapon)
 o - a +0 morningstar
Missiles
 J - 9 poisoned darts (quivered)
Armour
 a - a +0 buckler (worn)
 j - a +0 pair of boots (worn)
 k - a +0 cloak (worn)
 n - a +1 helmet
 q - a +0 helmet of see invisible (worn)
 r - the +4 scale mail of the Saviour (worn) {+Blink Int+2 Dex+2}
   (You found it on level 3 of the Dungeon)

   Int+2:     It affects your intelligence (+2).
   Dex+2:     It affects your dexterity (+2).
   +Blink:    It lets you blink.
 U - a +0 pair of gloves (worn)
Jewellery
 E - a ring of flight
 I - a +6 ring of strength (left hand)
 Q - the ring of Zosiceh (right hand) {rPois rC+ Str+3 Int+3 Dex-5}
   (You bought it in a shop on level 4 of the Dungeon)

   [ring of protection from cold]

   Str+3:     It affects your strength (+3).
   Int+3:     It affects your intelligence (+3).
   Dex-5:     It affects your dexterity (-5).
   rC+:       It protects you from cold.
   rPois:     It protects you from poison
 S - a +5 ring of evasion
Wands
 b - a wand of flame (17)
 L - a wand of light (3)
 N - a wand of mindburst (6)
 O - a wand of roots (4)
Scrolls
 c - 10 scrolls of identify {unknown}
 d - 5 scrolls of blinking {unknown}
 e - 2 scrolls of enchant armour {unknown}
 f - 2 scrolls of silence {unknown}
 i - 3 scrolls of brand weapon {unknown}
 l - 3 scrolls of torment {unknown}
 s - 8 scrolls of teleportation {unknown}
 x - 2 scrolls of enchant weapon {unknown}
 y - a scroll of vulnerability {unknown}
 z - 3 scrolls of revelation {unknown}
 D - 3 scrolls of poison {unknown}
 G - a scroll of summoning {unknown}
 K - 3 scrolls of amnesia {unknown}
 P - 2 scrolls of noise {unknown}
 T - a scroll of fear {unknown}
Potions
 g - 2 potions of mutation {unknown}
 h - a potion of cancellation {unknown}
 p - 2 potions of brilliance
 t - 6 potions of curing
 u - 2 potions of berserk rage
 v - 3 potions of ambrosia {unknown}
 w - 2 potions of enlightenment {unknown}
 A - 2 potions of haste {unknown}
 B - 3 potions of attraction
 C - a potion of invisibility
 F - a potion of degeneration {unknown}
 H - 3 potions of might {unknown}
 M - 2 potions of lignification {unknown}
 R - a potion of resistance {unknown}


   Skills:
 * Level 10.6 Fighting
 * Level 16.7 Axes
 * Level 9.1 Armour
 + Level 3.2 Dodging
 + Level 2.0 Stealth
 + Level 2.8 Shields


You had 10 spell levels left.
You didn't know any spells.
Your spell library was empty.

Dungeon Overview and Level Annotations

Branches:
Dungeon (11/15)            Temple (0/1) D:6            Lair (2/5) D:8
    Orc (0/2) D:9         Ossuary (visited)
  Swamp: Lair:2-3    Shoals: Lair:2-3     Snake: Lair:2-3    Spider: Lair:2-3

Altars:
Ashenzari
Dithmenos
Fedhas
Kikubaaqudgha
Makhleb
Trog
Uskayaw
Vehumet
Xom
Zin
The Shining One

Shops:
D:4 [*=

Annotations:
Lair:1 Erica


Message History

The yak gores you but does no damage. Erica is attracted toward you.
The yak is attracted toward you. Erica is attracted toward you.
You flicker for a moment.
Erica casts a spell at you.
The yak struggles to resist.
Erica is attracted toward you.
The yak bellows!
Erica stares at you and mumbles some strange words.
The yak seems to slow down.
Erica is attracted toward you. The yak is attracted toward you.
The yak bellows!
Erica stares at the yak and mumbles some strange words.
The yak seems to slow down.
Erica stares at the yak and mumbles some strange words.
The yak seems to slow down.
Erica is attracted toward you.
The yak bellows!
Erica zaps a wand.
The yak resists with some effort.
You flicker back into view.
The yak bellows!
The yak is attracted toward you. The yak attacks as it pursues you!
The yak gores you.
* * * LOW HITPOINT WARNING * * *
Erica is attracted toward you.
You fade into invisibility!
Erica stares at you and mumbles some strange words.
The yak seems to slow down.
You block the yak's attack. Erica is attracted toward you.
The yak is attracted toward you.
Erica stares at you and mumbles some strange words.
The bolt of poison misses you. Erica is attracted toward you.
The yak is attracted toward you.
Erica stares at you and mumbles some strange words.
The bolt of poison hits you!
You are poisoned.
You resist.
* * * LOW HITPOINT WARNING * * *
You feel less attractive to monsters.
* * * LOW HITPOINT WARNING * * *
You feel very sick.
Erica zaps a wand.
The yak is charmed!
You die...

#####.# #P...##.#......# #.# #.#
...##.# ##....#....#...###.####.#
..###รท# #......................#
...#..## #.........#.##.##.##.#..
.......###.........#.......##[..#
.#..........##........[........<#
###...####.........#...##.......#
###...#.#.#.......######.........
##..............@......^.........
.#....P#.#.#..##.##.#.#..........
#......#####.###Y.####...##......
###.#.## #.>###x## ##..##....#.
#...#### ##.##Y.# #..####.##.
....#..####P.###.# #..# #.# .
............. #.# #..####..P.
.....####P######.######..........
.....# #............#..#.P#.


You could see Erica (invisible, unable to see you) and 2 yaks.

Vanquished Creatures
  A kobold demonologist (D:11)
  2 rime drakes
  2 trolls (D:10)
  A hornet (D:9)
  8 blink frogs (Lair:1)
  Prince Ribbit (Lair:1)
  15 yaks
  A shadow (D:10)
  A vampire (D:10)
  2 wyverns
  A steam dragon (D:8)
  3 vampire mosquitoes (D:11)
  2 water moccasins
  6 ice beasts
  2 sky beasts
  2 orc warriors
  7 wolves
  3 centaurs
  A phantom (D:7)
  2 elf zombies (Ossuary)
  A gnoll sergeant (D:9)
  7 bullfrogs
  6 killer bees (D:8)
  6 howler monkeys
  A bombardier beetle (D:6)
  4 human zombies (Ossuary)
  A centaur zombie (Ossuary)
  3 hounds
  Crazy Yiuf (D:2)
  A gnoll bouda (D:6)
  A sleepcap (D:7)
  An iguana (D:7)
  2 orc wizards
  2 crocodile zombies (Ossuary)
  A spectral hound (Ossuary)
  A scorpion simulacrum (Ossuary)
  3 mummies (Ossuary)
  12 gnolls
  5 adders
  3 hound simulacra (Ossuary)
  2 ufetubi (D:6)
  2 spectral adders (Ossuary)
  4 ribbon worms
  2 dart slugs
  3 adder simulacra (Ossuary)
  10 orcs
  A ball python (D:1)
  9 endoplasms
  3 giant cockroaches
  7 gnoll zombies (Ossuary)
  4 goblins (D:3)
  7 hobgoblins
  5 quokkas
  2 bats (D:2)
  6 frilled lizards
  3 jackal simulacra (Ossuary)
  5 kobolds
  6 kobold zombies (Ossuary)
  3 orc zombies (Ossuary)
  5 rats
  6 spectral jackals (Ossuary)
220 creatures vanquished.

Notes
Turn   | Place    | Note
-------+----------+-------------------------------------------
     0 | D:1      | Logoto the Hill Orc Berserker began the quest for the Orb.
     0 | D:1      | Reached XP level 1. HP: 19/19 MP: 1/1
   247 | D:1      | Reached XP level 2. HP: 23/27 MP: 2/2
   822 | D:2      | Reached XP level 3. HP: 33/33 MP: 3/3
  1509 | D:2      | Reached XP level 4. HP: 39/41 MP: 4/4
  1863 | D:2      | Reached skill level 5 in Axes
  1916 | D:2      | Found a runed translucent door.
  1917 | D:2      | Noticed Crazy Yiuf
  1926 | D:2      | Killed Crazy Yiuf
  2049 | D:3      | You fall into a shaft and drop 1 floor!
  2049 | D:4      | Found Kasiast's Armour Emporium.
  2089 | D:4      | Found a blossoming altar of Fedhas.
  2103 | D:4      | Reached XP level 5. HP: 44/47 MP: 5/5
  2167 | D:4      | Reached ** piety under Trog
  2264 | D:3      | Found a glowing golden altar of the Shining One.
  2264 | D:3      | Found an ancient bone altar of Kikubaaqudgha.
  2267 | D:3      | Found a radiant altar of Vehumet.
  2407 | D:3      | Reached skill level 6 in Axes
  2449 | D:3      | Found a burning altar of Makhleb.
  2754 | D:3      | Identified the +4 scale mail of the Saviour {+Blink Int+2
                  | Dex+2}
  2900 | D:4      | Found Weta's General Store.
  2908 | D:4      | Bought a +0 helmet of see invisible for 161 gold pieces
  3081 | D:4      | Found Ogudghakh's Jewellery Emporium.
  3248 | D:5      | Entered Level 5 of the Dungeon
  3272 | D:5      | Noticed a +0 dagger
  3272 | D:5      | Noticed a +0 dagger
  3309 | D:5      | Found a hide-covered altar of Uskayaw.
  3397 | D:5      | Reached XP level 6. HP: 55/55 MP: 6/6
  3635 | D:5      | Found a sand-covered staircase.
  3644 | Ossuary  | Entered an ossuary
  3837 | Ossuary  | Reached skill level 7 in Axes
  3837 | Ossuary  | Reached *** piety under Trog
  3841 | Ossuary  | Reached skill level 5 in Fighting
  3874 | Ossuary  | Reached XP level 7. HP: 61/61 MP: 7/7
  3929 | Ossuary  | Reached skill level 1 in Shields
  4031 | Ossuary  | Reached skill level 8 in Axes
  4313 | D:6      | Reached skill level 9 in Axes
  4561 | D:6      | Reached XP level 8. HP: 70/70 MP: 8/8
  4730 | D:6      | Found a staircase to the Ecumenical Temple.
  4903 | D:7      | Reached skill level 5 in Armour
  4998 | D:7      | Reached skill level 10 in Axes
  4999 | D:7      | Reached **** piety under Trog
  5300 | D:7      | Found a bloodstained altar of Trog.
  5306 | D:7      | Found a shadowy altar of Dithmenos.
  5311 | D:7      | Found a shimmering altar of Xom.
  5535 | D:8      | Reached skill level 1 in Stealth
  5536 | D:8      | Reached skill level 11 in Axes
  5536 | D:8      | Reached XP level 9. HP: 79/79 MP: 9/9
  5675 | D:8      | Noticed a rime drake
  5688 | D:8      | Killed a rime drake
  5689 | D:8      | Reached skill level 12 in Axes
  5888 | D:8      | Found a staircase to the Lair.
  5934 | D:8      | Reached skill level 13 in Axes
  6692 | D:9      | Reached XP level 10. HP: 90/90 MP: 10/10
  6723 | D:9      | Found a staircase to the Orcish Mines.
  6810 | D:9      | Reached skill level 14 in Axes
  7021 | D:9      | Found a glowing silver altar of Zin.
  7157 | D:9      | Found a broken altar of Ashenzari.
  7395 | D:10     | Entered Level 10 of the Dungeon
  8399 | D:11     | Reached skill level 15 in Axes
  8442 | D:11     | Noticed a kobold demonologist
  8458 | D:11     | Noticed a rust devil
  8471 | D:11     | Killed a kobold demonologist
  8631 | D:11     | Reached XP level 11. HP: 59/97 MP: 11/11
  8902 | Lair:1   | Entered Level 1 of the Lair of Beasts
  9023 | D:4      | Bought the ring of Zosiceh {rPois rC+ Str+3 Int+3 Dex-5}
                  | for 383 gold pieces
  9244 | Lair:1   | Noticed Prince Ribbit
  9261 | Lair:1   | Reached skill level 16 in Axes
  9276 | Lair:1   | Killed Prince Ribbit
  9308 | Lair:1   | Reached skill level 10 in Fighting
  9952 | Lair:1   | You fall into a shaft and drop 1 floor!
 10067 | Lair:1   | Noticed Erica
 10119 | Lair:1   | HP: 3/101 [poisoned by Erica (bolt of poison)]
 10120 | Lair:1   | Succumbed to Erica's bolt of poison

Illustrated notes

Levels and vault maps discovered:
D:1:      minmay_arrival_plants_in_alcoves, layout_loops_cross,
          corexii_item_surrounded_by_moat, nrook_uturn,
          nicolae_figureground_pulse
D:2:      layout_basic, glass_columns_a, uniq_crazy_yiuf_cottage
D:3:      layout_rooms, mainiacjoe_overflow_24_doors,
          nicolae_overflow_hidden_temple
D:4:      layout_rooms, lemuel_round_altar, serial_shops, shop,
          nicolae_shop_gibbet_a_chance, shop
D:5:      layout_gridville, dancing_weapons_uskayaw, enter_ossuary_1
D:6:      layout_basic, temple_doors_e
D:7:      layout_gridville, minmay_overflow_temple_star_quad
D:8:      layout_basic, hellmonk_lair_entry_icy
D:9:      layout_basic, kennysheep_little_box, evilmike_ruin_ashenzari,
          orc_0_dummy, lemuel_flamethrower_2
D:10:     layout_loops_corners
D:11:     layout_long_grid, serial_rivers, chequers_serial_rivers_micro_d,
          chequers_serial_rivers_small_a, chequers_serial_rivers_room_b,
          chequers_serial_rivers_marsh, enter_trove_0, serial_bayou_lagoon_b
Lair:1:   layout_loops_ring, serial_bayou_pond_b, uniq_erica,
          uniq_prince_ribbit2
Lair:2:   layout_cave_pods, shoals_dummy_entry, basic_altar

Skill      XL: |  1  2  3  4  5  6  7  8  9 10 11 |
---------------+----------------------------------+-----
Fighting       | 4 5 6 7 8 9 10 | 10.6
Armour         | 3 4 5 6 8 9 |  9.1
Axes           | 5 6 7 9 11 13 15 16 | 16.7
Shields        | 1 2 |  2.8
Dodging        | 2 3 |  3.2
Stealth        | 1 2 |  2.0

Action                     |  1- 3 |  4- 6 |  7- 9 | 10-12 || total
---------------------------+-------+-------+-------+-------++-------
  Melee: Hand axe          |    92 |    38 |       |       ||   130
         Punch             |     1 |     1 |       |       ||     2
         War axe           |       |   149 |   272 |   289 ||   710
 Invoke: Berserk           |     1 |     7 |     7 |    12 ||    27
    Use: Potion            |       |       |       |     6 ||     6
 Armour: Animal skin       |     3 |       |       |       ||     3
         Leather armour    |     8 |       |       |       ||     8
         Ring mail         |    37 |    52 |       |       ||    89
         Scale mail        |       |    53 |   203 |   187 ||   443
  Dodge: Dodged            |    43 |    98 |   141 |   120 ||   402
  Block: Buckler           |       |    21 |    49 |    41 ||   111
